 Dungeon Crawl Stone Soup version 0.30-a0-374-g95c0257040 (webtiles) character file.

Game seed: 9101931058351498409

22 MTVSty1e the Trooper (level 2, -1/27 HPs)
             Began as a Minotaur Fighter on Nov 26, 2022.
             Slain by a gnoll
             ... wielding a +0 flail
              (7 damage)
             ... on level 2 of the Dungeon.
             The game lasted 00:00:32 (1047 turns).

MTVSty1e the Trooper (Minotaur Fighter)             Turns: 1047, Time: 00:00:33

Health: -1/27      AC:  8    Str: 20    XL:     2   Next: 68%
Magic:  1/1        EV:  9    Int:  5    God:
Gold:   132        SH:  4    Dex:  9    Spells: 1/1 levels left

rFire   . . .      SeeInvis .    a - +0 trident
rCold   . . .      Faith    .    c - +0 buckler
rNeg    . . .      Spirit   .    b - +0 scale mail
rPois   .          Reflect  .    (helmet restricted)
rElec   .          Harm     .    (no cloak)
rCorr   .          Rampage  .    (no gloves)
Will    .....                    h - +0 pair of boots
Stlth   ..........               (no amulet)
HPRegen 0.24/turn                (no ring)
MPRegen 0.07/turn                (no ring)

@: no status effects
A: horns 2, retaliatory headbutt
a: no special abilities


You were on level 2 of the Dungeon.
You visited 1 branch of the dungeon, and saw 2 of its levels.

You collected 132 gold pieces.

Inventory:

Hand Weapons
 a - a +0 trident (weapon)
Armour
 b - a +0 scale mail (worn)
 c - a +0 buckler (worn)
 h - a +0 pair of boots (worn)
Jewellery
 k - a ring of wizardry
Scrolls
 e - 3 scrolls of teleportation {unknown}
 f - a scroll of identify {unknown}
 i - a scroll of blinking {unknown}
 j - a scroll of silence {unknown}
Potions
 d - a potion of might
 g - a potion of curing {unknown}
 l - a potion of invisibility {unknown}


   Skills:
 + Level 4.1 Fighting
 * Level 3.5 Polearms
 - Level 3.6 Armour
 - Level 3.6 Shields


You had one spell level left.
You didn't know any spells.
Your spell library was empty.

Dungeon Overview and Level Annotations

Branches:
Dungeon (2/15)

Altars:


Innate Abilities, Weirdness & Mutations

You have a pair of horns on your head.
You reflexively headbutt those who attack you in melee.


Message History

An adder is nearby!
You reach to attack!
You puncture the adder!
The adder is almost dead.
You puncture the adder!
You kill the adder!
No target in view!
No target in view!
No target in view!
No target in view!
No target in view!
You now have 122 gold pieces (gained 18).
You now have 132 gold pieces (gained 10).
A gnoll comes into view. It is wielding a +0 flail.
A gnoll comes into view. It is wielding a +0 club.
The gnoll shouts!
You hear a shout!
A rat comes into view.
There are monsters nearby!
A gnoll comes into view. It is wielding a +0 flail.
You reach to attack!
You hit the gnoll but do no damage. You barely miss the gnoll.
You block the gnoll's attack.
You barely miss the gnoll. The gnoll hits you with a +0 flail!
You hit the gnoll.
The gnoll is heavily wounded.
The gnoll misses you. The rat bites you but does no damage.
You barely miss the gnoll. You headbutt the gnoll.
The gnoll is almost dead.
The rat twitches its whiskers.
The rat bites you. The gnoll completely misses you.
You hit the gnoll but do no damage.
The gnoll is almost dead.
The rat bites you but does no damage. The gnoll closely misses you.
The gnoll hits you but does no damage.
You hit the gnoll.
You kill the gnoll!
The gnoll hits you with a +0 flail!
* * * LOW HITPOINT WARNING * * *
The rat bites you.
* * * LOW HITPOINT WARNING * * *
The gnoll hits you with a +0 flail!
You die...

##.####.......<#
#.......########
######..........
#...#######.##
#.............
###...########
+...+ #####...#
#....@g.#
#...r)g.#
#.$.....#
#....#### #....
#.... #....
#....


You could see 2 gnolls and a rat.

Vanquished Creatures
  A gnoll (D:2)
  An adder (D:2)
  A dart slug (D:1)
  2 bats (D:1)
  2 endoplasms (D:1)
  A hobgoblin (D:1)
  A ball python (D:1)
  2 frilled lizards (D:1)
  A kobold (D:1)
  2 rats (D:1)
14 creatures vanquished.

Notes
Turn   | Place    | Note
-------+----------+-------------------------------------------
     0 | D:1      | MTVSty1e the Minotaur Fighter began the quest for the Orb.
     0 | D:1      | Reached XP level 1. HP: 19/19 MP: 0/0
   414 | D:1      | Reached XP level 2. HP: 25/27 MP: 1/1
   914 | D:1      | Reached skill level 4 in Fighting
  1047 | D:2      | Slain by a gnoll

Illustrated notes

Levels and vault maps discovered:
D:1:      dpeg_arrival_more_subterranean_lakeside_camping, layout_basic
D:2:      minmay_razor_zed, layout_basic, st_stairs_9, minmay_misc_feat_alley

Skill      XL: |  1  2 |
---------------+-------+-----
Polearms       | 3 |  3.5
Fighting       | 4 |  4.1
Armour         | |  3.6
Shields        | |  3.6

Action                   || total
-------------------------++-------
Melee: Trident           ||    36
       Headbutt          ||     1
Armor: Scale mail        ||    12
Dodge: Dodged            ||     7
Block: Buckler           ||     7

Table legend: (Time is in decaauts)
 A = Elapsed time spent in this place.
 B = Non-inter-level travel time spent in this place.
 C = Inter-level travel time spent in this place.
 D = Time resting spent in this place.
 E = Time spent auto-exploring this place.
 F = Levels seen in this place.
 G = Mean time per level.
                   A        B        C        D        E       F      G
               +--------+--------+--------+--------+--------+-----+--------+
         Total |   1053 |   1024 |     29 |      0 |    933 |   2 |  526.5 |
       Dungeon |   1053 |   1024 |     29 |      0 |    933 |   2 |  526.5 |
               +--------+--------+--------+--------+--------+-----+--------+

Top non-repeatable levels by time:
     D:1: 1023 daAuts
     D:2: 30 daAuts
